 Dungeon Crawl Stone Soup version 0.29.1-15-g9cfb28693d (console) character file.

Game seed: 6618770598161895726

40 om the Trooper (level 3, -5/40 HPs)
             Began as an Ogre Berserker on Apr 28, 2023.
             Was a Follower of Trog.
             Killed by an exploding goblin (33 damage)
             ... ignited by their inner flame
             ... on level 2 of the Dungeon.
             The game lasted 00:00:52 (1209 turns).

om the Trooper (Ogre Berserker)                     Turns: 1209, Time: 00:00:52

Health: -5/40      AC:  3    Str: 23    XL:     3   Next: 50%
Magic:  3/3        EV: 10    Int:  8    God:    Trog [*.....]
Gold:   53         SH:  0    Dex:  8    Spells: 2/2 levels left

rFire   . . .      SeeInvis .   a - +0 mace
rCold   . . .      Faith    .   (no shield)
rNeg    . . .      Spirit   .   b - +0 animal skin
rPois   .          Reflect  .   (helmet restricted)
rElec   .          Harm     .   (no cloak)
rCorr   .          Rampage  .   (gloves unavailable)
Will    .....                   (boots unavailable)
Stlth   +.........              (no amulet)
HPRegen 0.13/turn               (no ring)
MPRegen 0.08/turn               (no ring)

@: no status effects
A: large, unfitting armour, tough skin 1
a: Renounce Religion, Berserk


You were on level 2 of the Dungeon.
You worshipped Trog.
Trog was aware of your devotion.
You visited 1 branch of the dungeon, and saw 2 of its levels.

You collected 53 gold pieces.

Inventory:

Hand Weapons
 a - a +0 mace (weapon)
Armour
 b - a +0 animal skin (worn)
Scrolls
 c - 2 scrolls of immolation
 e - a scroll of identify {unknown}
Potions
 d - 2 potions of curing {unknown}
 f - a potion of flight {unknown}


   Skills:
 + Level 4.7 Fighting
 + Level 3.1 Maces & Flails
 + Level 3.2 Dodging


You had 2 spell levels left.
You didn't know any spells.
Your spell library was empty.

Dungeon Overview and Level Annotations

Branches:
Dungeon (2/15)

Altars:


Innate Abilities, Weirdness & Mutations

You are too large for most types of armour.
You have tough skin. (AC +1)


Message History

The endoplasm freezes you.
You are frozen.
You sock the endoplasm!
You kill the endoplasm!
Trog accepts your kill.
No target in view!
Done exploring.
Done exploring.
(D) Dungeon
Where to? (? - help)
There is a stone staircase leading down here.
You climb downwards.
There is a stone staircase leading up here.
Found a rapier.
You see here a +0 rapier.
f - a pink potion A goblin comes into view.
It is wielding a +0 club.
The goblin shouts!
The goblin unwields a +0 club.
The goblin wields a +0 sling.
The goblin shoots a sling bullet.
The sling bullet barely misses you.
As you read the scroll labelled RETZOSH ONIUXO, it crumbles to dust.
The creatures around you are filled with an inner flame!
It was a scroll of immolation.
The goblin shoots a sling bullet.
The sling bullet completely misses you.
The goblin shoots a sling bullet.
The sling bullet barely misses you.
The goblin shoots a sling bullet.
The sling bullet hits you.
The goblin unwields a +0 sling.
The goblin wields a +0 club.
The goblin hits you with a +0 club.
You barely miss the goblin. The goblin barely misses you.
The goblin attacks as you move away! The goblin hits you with a +0 club.
The goblin unwields a +0 club.
The goblin wields a +0 sling.
The goblin shoots a sling bullet.
The sling bullet closely misses you.
The goblin unwields a +0 sling.
The goblin wields a +0 club.
The goblin hits you with a +0 club.
You sock the goblin! Trog accepts your kill.
The goblin explodes!
The fiery explosion engulfs you!!
Ouch! That really hurt!
You die...

###.#### #+ #.#
#. #.# #. #.#
#####.## #.#
.......##
######.# #.....
#......#
#.§§§####.######
#.§§@.....#
.....#§#######
### #. #. #. ..
#. #.


There were no monsters in sight!

Vanquished Creatures
  2 gnolls (D:1)
  2 dart slugs (D:1)
  6 endoplasms (D:1)
  A giant cockroach (D:1)
  A goblin (D:2)
  2 hobgoblins (D:1)
  2 bats (D:1)
  2 frilled lizards (D:1)
  2 kobolds (D:1)
  A rat (D:1)
21 creatures vanquished.

Notes
Turn   | Place    | Note
-------+----------+-------------------------------------------
     0 | D:1      | om the Ogre Berserker began the quest for the Orb.
     0 | D:1      | Reached XP level 1. HP: 24/24 MP: 1/1
   478 | D:1      | Reached XP level 2. HP: 33/33 MP: 2/2
   514 | D:1      | Found a faded altar of an unknown god.
   529 | D:1      | Reached XP level 3. HP: 40/40 MP: 3/3
  1209 | D:2      | Killed by an exploding goblin... ignited by their inner
                  | flame

Illustrated notes

Levels and vault maps discovered:
D:1:      heliophobic_arrival_ceremonial_halls, layout_basic,
          hellmonk_ecumenical_altar_lost_god
D:2:      layout_loops_corners, basic_altar

Skill      XL: |  1  2 |
---------------+-------+-----
Dodging        | 3 |  3.2
Maces & Flails | 3 |  3.1
Fighting       | |  4.7

Action                   || total
-------------------------++-------
Melee: Mace              ||    52
Invok: Berserk           ||     2
  Use: Scroll            ||     1
Armor: Animal skin       ||    11
Dodge: Dodged            ||    37
